 Dungeon Crawl Stone Soup version 0.29.1-1-gd02db6906a (webtiles) character file.

Game seed: 15784857455619729547

18 LustLizard the Vexing (level 2, 0/14 HPs)
             Began as a Spriggan Arcane Marksman on Sept 21, 2022.
             Slain by a goblin
             ... wielding a +0 club
             ... led by Robin
              (6 damage)
             ... on level 1 of the Dungeon.
             The game lasted 00:01:39 (994 turns).

LustLizard the Vexing (Spriggan Arcane Marksman)     Turns: 994, Time: 00:01:39

Health: 0/14       AC:  2    Str:  6    XL:     2   Next: 48%
Magic:  5/5        EV: 17    Int: 14    God:
Gold:   69         SH:  0    Dex: 15    Spells: 2/3 levels left

rFire   . . .      SeeInvis +   a - +1 sling
rCold   . . .      Faith    .   (no shield)
rNeg    . . .      Spirit   .   c - +0 robe
rPois   .          Reflect  .   (helmet restricted)
rElec   .          Harm     .   (no cloak)
rCorr   .          Rampage  .   (gloves unavailable)
Will    .....                   (boots unavailable)
Stlth   ++........              (no amulet)
HPRegen 0.04/turn               (no ring)
MPRegen 0.09/turn               (no ring)

@: very quick
A: very small, no large weapons, unfitting armour, see invisible, speed 3
a: no special abilities


You were on level 1 of the Dungeon.
You visited 1 branch of the dungeon, and saw 2 of its levels.

You collected 69 gold pieces.

Inventory:

Hand Weapons
 a - a +1 sling (weapon)
Armour
 c - a +0 robe (worn)
Scrolls
 b - a scroll of poison
 d - a scroll of amnesia {unknown}
 e - 3 scrolls of identify {unknown}
 f - a scroll of blinking {unknown}
 i - 2 scrolls of teleportation {unknown}
Potions
 g - a potion of curing {unknown}
 h - a potion of heal wounds {unknown}


   Skills:
 + Level 1.0 Fighting
 * Level 2.4 Ranged Weapons
 - Level 2.6 Dodging
 * Level 1.9 Stealth
 - Level 1.3 Spellcasting
 + Level 3.8 Hexes


You had 2 spell levels left.
You knew the following spells:

 Your Spells              Type           Power      Damage    Failure   Level
a - Slow                  Hex            44%        N/A       5%          1

Your spell library contained the following spells:

 Spells                   Type           Power      Damage    Failure   Level
 Inner Flame              Hex/Fire       6%         N/A       34%         3
 Portal Projectile        Hex/Tloc       12%        N/A       34%         3
 Cause Fear               Hex            5%         N/A       45%         4


Dungeon Overview and Level Annotations

Branches:
Dungeon (2/15)

Altars:

Annotations:
D:2 Robin


Innate Abilities, Weirdness & Mutations

You are very small and have problems with some larger weapons.
You are too small for most types of armour.
You have supernaturally acute eyesight. (SInv)
You cover ground extremely quickly. (Speed+++)


Message History

The sling bullet barely misses the endoplasm.
Robin throws the goblin at you!
The hobgoblin falls through a shaft!
The shaft crumbles and collapses.
Robin roars a battlecry!
The goblins go into a battle-frenzy!
The goblin misses you. The endoplasm closely misses you.
The ball python bites you but does no damage.
The ball python misses you. The giant cockroach misses you.
You climb upwards.
There is a stone staircase leading down here.
Fire: a) +1 sling
Press: ? - help, Q - select action, (/) - cycle Shift-Dir - straight line, f - goblin
Aim: a goblin, wielding a +0 club (strong, 50% to hit)
You shoot a sling bullet.
The sling bullet barely misses the goblin.
The goblin barely misses you. The endoplasm freezes you.
You are frozen.
Fire: a) +1 sling
Press: ? - help, Q - select action, (/) - cycle Shift-Dir - straight line, f - endoplasm, p - goblin
Aim: an endoplasm (severely wounded, 85% to hit)
You shoot a sling bullet. The sling bullet hits the endoplasm.
You kill the endoplasm!
The goblin barely misses you. The ball python closely misses you.
The ball python barely misses you. The goblin hits you with a +0 club.
Fire: a) +1 sling
Press: ? - help, Q - select action, (/) - cycle Shift-Dir - straight line, f - goblin
Aim: a goblin, wielding a +0 club (strong, 50% to hit)
You shoot a sling bullet. The sling bullet hits the goblin.
The goblin is severely wounded.
The ball python bites you. The ball python barely misses you.
The goblin misses you.
Fire: a) +1 sling
Press: ? - help, Q - select action, (/) - cycle Shift-Dir - straight line, f - ball python, p - goblin
Aim: a ball python (53% to hit)
You shoot a sling bullet.
The sling bullet closely misses the ball python.
The ball python barely misses you. The ball python completely misses you.
The goblin hits you with a +0 club.
You die...

.#†.##.# ♣♣♣♣..........~~≈
.#..##.##### ♣.P.P♣......~~
.#..#......## ######♣.....~≈
##.....###..###### #P....~~~
.####..###.......# #.......~
............####.# #P.....≈~
.####..#.#.....#.# #♣....~≈≈
.......#.#...#.#S# #♣....~~≈
..............Bg@# #......~≈
.#.....#.##.#..#### ##.....≈≈
.#.#.[.#..........# ######P...~≈≈
.......####..####.# #...'.....~≈≈
.#.....>......# #.# #.#.'......~≈
..............###.###.#.'...♣..~≈
######................####.....≈≈
.# #....##..........# #....~≈≈
.#####..=.##...)......# #P♣P..≈≈≈


You could see a giant cockroach, a goblin (strong) and a ball python.

Vanquished Creatures
  A dart slug (D:1)
  2 endoplasms (D:1)
  4 hobgoblins (D:1)
  2 ball pythons (D:1)
  2 bats (D:1)
  2 frilled lizards (D:1)
  A kobold (D:1)
  2 rats (D:1)
16 creatures vanquished.

Notes
Turn   | Place    | Note
-------+----------+-------------------------------------------
     0 | D:1      | LustLizard the Spriggan Arcane Marksman began the quest for
                  | the Orb.
     0 | D:1      | Reached XP level 1. HP: 9/9 MP: 3/3
   370 | D:1      | Found a faded altar of an unknown god.
   403 | D:1      | Reached skill level 1 in Stealth
   571 | D:1      | Reached XP level 2. HP: 14/14 MP: 5/5
   597 | D:1      | Reached skill level 1 in Fighting
   986 | D:2      | Noticed Robin
   994 | D:1      | Slain by a goblin

Illustrated notes

Levels and vault maps discovered:
D:1:      kennysheep_arrival_seaside, layout_basic,
          dreamdust_ecumenical_altar_grove
D:2:      layout_rooms, uniq_robin, uniq_crazy_yiuf_cottage, uniq_sigmund

Skill      XL: |  1  2 |
---------------+-------+-----
Stealth        | 1 |  1.9
Fighting       | 1 |  1.0
Ranged Weapons | |  2.4
Dodging        | |  2.6
Spellcasting   | |  1.3
Hexes          | |  3.8

Action                   || total
-------------------------++-------
 Fire: Sling             ||    42
 Cast: Slow              ||     1
Armor: Robe              ||     1
Dodge: Dodged            ||    22
